 Dungeon Crawl Stone Soup version 0.22.1-2-g9c5b331 (webtiles) character file.

308 Gearfox the Magician (level 6, -3/32 HPs)
             Began as a Deep Elf Fire Elementalist on Dec 11, 2018.
             Shot with an arrow by a centaur (6 damage)
             ... on level 4 of the Dungeon.
             The game lasted 00:12:55 (4479 turns).

Gearfox the Magician (Deep Elf Fire Elementalist)   Turns: 4479, Time: 00:12:56

Health: -3/32      AC:  3    Str:  5    XL:     6   Next: 16%
Magic:  13/17      EV: 15    Int: 24    God:
Gold:   184        SH:  0    Dex: 15    Spells: 8/18 levels left

rFire    . . .     SeeInvis .   r - +0 long sword
rCold    . . .     Gourm    .   (no shield)
rNeg     . . .     Faith    .   a - +0 robe
rPois    .         Spirit   .   (no helmet)
rElec    .         Reflect  .   (no cloak)
rCorr    .         Harm     .   g - +0 pair of gloves
MR       .....                  (no boots)
Stlth    ++........             (no amulet)
HPRegen  0.10/turn              i - +2 ring of intelligence
MPRegen  0.15/turn              l - +2 ring of evasion

@: no status effects
A: no striking features
a: no special abilities


You were on level 4 of the Dungeon.
You were not hungry.

You visited 1 branch of the dungeon, and saw 4 of its levels.

You collected 184 gold pieces.

Inventory:

Hand Weapons
 r - a +0 long sword (weapon)
Missiles
 d - 51 stones (quivered)
Armour
 a - a +0 robe (worn)
 e - a +0 scale mail of cold resistance
 g - a +0 pair of gloves (worn)
Jewellery
 f - an uncursed ring of flight {unknown}
 i - a +2 ring of intelligence (left hand)
 l - a +2 ring of evasion (right hand)
Scrolls
 b - 2 scrolls of remove curse
 h - 2 scrolls of teleportation
 o - a scroll of identify
 p - 2 scrolls of fear {unknown}
Potions
 j - a potion of curing {unknown}
 k - a potion of invisibility
 m - 2 potions of might
 n - a potion of haste {unknown}
 s - a potion of degeneration {unknown}
Comestibles
 c - 8 rations


   Skills:
 - Level 2.4 Dodging
 - Level 2.4 Stealth
 * Level 6.5 Spellcasting
 * Level 3.7 Conjurations
 + Level 4.5 Fire Magic


You had 8 spell levels left.
You knew the following spells:

 Your Spells              Type           Power        Failure   Level  Hunger
a - Flame Tongue          Conj/Fire      ####.        1%          1    None
b - Throw Flame           Conj/Fire      ####..       1%          2    None
c - Sticky Flame          Conj/Fire      ####....     14%         4    ###....
d - Conjure Flame         Conj/Fire      ####....     4%          3    None

Your spell library contained the following spells:

 Spells                   Type           Power        Failure   Level  Hunger
 Inner Flame              Hex/Fire       ###.....     9%          3    None
 Fireball                 Conj/Fire      ####......   36%         5    #####..


Dungeon Overview and Level Annotations

Branches:
Dungeon (4/15)
 Temple: D:4-7

Altars:
Fedhas
Uskayaw
Zin


Message History

Confirm with . or Enter, or press ? or * to list all spells.
Aiming: Flame Tongue (safe; 1% risk of failure)
Press: ? - help, Shift-Dir - straight line, f/p - centaur
Aim: a centaur, wielding a shortbow The flame tongue hits the centaur.
The centaur is moderately wounded.
The centaur shoots an arrow.
The arrow hits you!
The centaur shoots an arrow.
The arrow hits you.
All of the chunks of flesh in your inventory have rotted away.
Casting: Flame Tongue (safe; 1% risk of failure)
Confirm with . or Enter, or press ? or * to list all spells.
Aiming: Flame Tongue (safe; 1% risk of failure)
Press: ? - help, Shift-Dir - straight line, f/p - centaur
Aim: a centaur, wielding a shortbow (moderately wounded)
The flame tongue hits the centaur.
The centaur is heavily wounded.
The centaur shoots an arrow.
The arrow hits you!
* * * LOW HITPOINT WARNING * * *
The centaur shoots an arrow.
The arrow hits you.
You die...

#.###.###.## #..........#
#####..###.# #....#
#<########### #########.##.#
#...........#
..........##.....#########.##
.....###..###.###########...#
###..# #..#
#.##..........#..# # #..#
#..# .##@########....# # #..#
#..# .##.# ##.#.# ###..###..#
#(# .#.#
.................c.c.... .#.#
.##.................##.. ##.#
.# .### .######%##.# .# #.#
.# .# #.# # .# #..


You could see a centaur.

Vanquished Creatures
  An orc wizard (D:3)
  Natasha (thrice) (D:2)
  2 worker ants (D:4)
  6 adders
  2 oozes
  2 adder skeletons (D:4)
  A worm (D:2)
  5 dart slugs
  3 leopard geckos
  5 orcs (D:3)
  2 ball pythons
  7 giant cockroaches
  3 goblins
  6 hobgoblins
  A jackal (D:3)
  A quokka (D:4)
  6 bats
  2 frilled lizards (D:2)
  12 kobolds
  5 rats
75 creatures vanquished.

Notes
Turn   | Place    | Note
-------+----------+-------------------------------------------
     0 | D:1      | Gearfox the Deep Elf Fire Elementalist began the quest for
                  | the Orb.
     0 | D:1      | Reached XP level 1. HP: 10/10 MP: 6/6
   314 | D:1      | Reached XP level 2. HP: 11/15 MP: 5/8
   395 | D:1      | Learned a level 2 spell: Throw Flame
   810 | D:1      | Reached skill level 4 in Spellcasting
  1266 | D:1      | Reached XP level 3. HP: 19/19 MP: 6/10
  1532 | D:2      | Noticed Natasha
  1541 | D:2      | Killed Natasha
  1541 | D:2      | Reached XP level 4. HP: 24/24 MP: 0/12
  1691 | D:2      | Noticed Natasha
  1693 | D:2      | Killed Natasha
  1693 | D:2      | Reached skill level 5 in Spellcasting
  2191 | D:2      | Noticed Natasha
  2195 | D:2      | Killed Natasha
  2195 | D:2      | Reached XP level 5. HP: 19/28 MP: 4/15
  2293 | D:2      | Learned a level 4 spell: Sticky Flame
  2297 | D:2      | Learned a level 3 spell: Conjure Flame
  3014 | D:3      | Found a hide-covered altar of Uskayaw.
  3014 | D:3      | Found a glowing silver altar of Zin.
  3225 | D:3      | Reached skill level 6 in Spellcasting
  3747 | D:4      | Noticed an ogre
  3774 | D:4      | HP: 1/28 [ogre/giant spiked club (27)]
  4281 | D:4      | Found a blossoming altar of Fedhas.
  4291 | D:4      | Reached XP level 6. HP: 32/32 MP: 10/17
  4479 | D:4      | Shot with an arrow by a centaur

Skill      XL: |  1  2  3  4  5 |
---------------+----------------+-----
Spellcasting   | 4 5 6 |  6.5
Conjurations   | 2 3 |  3.7
Fire Magic     | 4 |  4.5
Dodging        | |  2.4
Stealth        | |  2.4

Action                   |  1- 3 |  4- 6 || total
-------------------------+-------+-------++-------
Melee: Dagger            |     3 |     2 ||     5
       Long sword        |       |     1 ||     1
 Cast: Flame Tongue      |    30 |    52 ||    82
       Throw Flame       |    21 |    46 ||    67
       Conjure Flame     |       |     2 ||     2
  Use: Scroll            |     4 |     4 ||     8
  Eat: Chunk             |     2 |     6 ||     8
       Ration            |       |     1 ||     1
Armor: Robe              |     5 |     5 ||    10
Dodge: Dodged            |    28 |    22 ||    50
       Rpst.: Long sword |       |     1 ||     1
